 Dungeon Crawl Stone Soup version 0.17.1-1-g73c8601 (webtiles) character file.

1076 Implojin the Grappler (level 8, -1/79 HPs)
             Began as a Troll Fighter on Apr 3, 2016.
             Slain by an orc warrior
             ... wielding a +0 hand axe
              (19 damage)
             ... on level 9 of the Dungeon.
             The game lasted 00:08:20 (1512 turns).

Implojin the Grappler (Troll Fighter)               Turns: 1512, Time: 00:08:20

Health: -1/79      AC:  5    Str: 25    XL:     8   Next: 8%
Magic:  7/7        EV: 10    Int:  4    God:
Gold:   79         SH:  9    Dex: 11    Spells: 0 memorised, 7 levels left

rFire  . . .     SeeInvis .       - Unarmed
rCold  . . .     Clarity  .     a - +0 robe
rNeg   . . .     SustAt   .     b - +0 shield
rPois  .         Gourm    +     (helmet restricted)
rElec  .         Spirit   .     (no cloak)
rCorr  .         Warding  .     (gloves unavailable)
rMut   .         Stasis   .     (boots unavailable)
MR     .....                    (no amulet)
Stlth  +.........               (no ring)
                                e - +2 ring of evasion

@: not resistant to hostile enchantments, very unstealthy
A: unfitting armour, claws 3, fast metabolism 3, gourmand, regeneration 2,
shaggy fur 1, tough skin 2
a: no special abilities


You were on level 9 of the Dungeon.
You were hungry.

You visited 2 branches of the dungeon, and saw 10 of its levels.
You also visited: Sewer.

You collected 79 gold pieces.

Inventory:

Hand Weapons
 l - a +0 blowgun
Missiles
 c - 3 curare-tipped needles
Armour
 a - a +0 robe (worn)
 b - a +0 shield (worn)
Jewellery
 e - a +2 ring of evasion (left claw)
Wands
 s - a wand of fire (8)
Scrolls
 h - 2 scrolls of teleportation
 m - a scroll of fog
 o - a scroll of remove curse {unknown}
 r - a scroll of brand weapon {unknown}
 t - a scroll of noise {unknown}
 u - 2 scrolls of identify {unknown}
 v - a scroll of enchant weapon {unknown}
Potions
 j - a potion of invisibility {unknown}
 k - 2 potions of degeneration {unknown}
 n - 2 potions of flight {unknown}
 p - 4 potions of curing {unknown}
Comestibles
 d - 4 bread rations
 f - a royal jelly
 g - a beef jerky
 i - 3 fruits
 q - a slice of pizza


   Skills:
 * Level 4.9 Fighting
 - Level 2.4 Dodging
 - Level 2.4 Shields
 - Level 8.2 Unarmed Combat


You had 7 spell levels left.
You didn't know any spells.

Dungeon Overview and Level Annotations

Branches:
Dungeon (9/15)             Temple (1/1) D:7             Orc (0/4) D:9
   Lair: D:8-11

Altars:
Ashenzari
Cheibriados
Dithmenos
Elyvilon
Fedhas
Makhleb
Nemelex Xobeh
Qazlal
Ru
Sif Muna
Vehumet
Xom
Yredelemnul
Zin

Shops:
D:7 (


Innate Abilities, Weirdness & Mutations

You are too large for most types of armour.
You have claws for hands.
Your metabolism is lightning-fast.
You like to eat raw meat.
You heal very quickly.
You are covered in fur (AC +1).
You have very tough skin (AC +2).


Message History

The orc warrior hits you with a hand axe.
Your shield prevents you from hitting the orc warrior.
The orc warrior hits you with a hand axe!
You scratch the orc warrior.
The orc warrior is lightly wounded.
The orc warrior hits you with a hand axe!!
* * * LOW HITPOINT WARNING * * *
You closely miss the orc warrior.
The orc warrior is lightly wounded.
Wield which item (- for none, * to show all)? (? for menu, Esc to quit)
l - a +0 blowgun (weapon)
The orc warrior hits you with a hand axe!
* * * LOW HITPOINT WARNING * * *
Firing (i - inventory):
c - 4 curare-tipped needles (quivered)
Press: ? - help, Shift-Dir - straight line, f - orc warrior
Aim: an orc warrior, wielding a hand axe and wearing a chain mail (lightly wounded)
You shoot a curare-tipped needle.
The curare-tipped needle hits the orc warrior.
The orc warrior is poisoned.
The orc warrior convulses.
The orc warrior seems to slow down.
The orc warrior is heavily wounded.
The orc warrior hits you with a hand axe!
* * * LOW HITPOINT WARNING * * *
An orc comes into view. It is wielding a whip.
Really attack while wielding your +0 blowgun? [Y]es or [N]o only, please.
Really attack while wielding your +0 blowgun?
Okay, then.
Unknown command.
Wield which item (- for none, * to show all)? (? for menu, Esc to quit)
You are now empty-clawed.
The orc shouts!
Unknown command.
Unknown command.
You scratch the orc warrior but do no damage.
The orc warrior is heavily wounded.
You claw the orc warrior!
The orc warrior is almost dead.
The orc warrior hits you with a hand axe!!
You die...

####### .......
.. ....... ...
.$..... ###...
.......####.....8
.......@oo#..o...
.......##oo......
####### #.o8....>
#########...o....
#<......'.#......
#########.#.....8
..####... ... ...
..... ..


You could see 2 orc warriors and 4 orcs.

Vanquished Creatures
  Duvessa (D:5)
  A crocodile (Sewer)
  An ogre (D:8)
  3 giant frogs
  A big kobold (D:5)
  Dowan (D:5)
  5 wights
  A centaur zombie (D:6)
  2 iguanas
  A giant frog skeleton (D:9)
  4 worker ants
  The ghost of Implojin the Ruffian, a weakling TrFi (D:4)
  A hound zombie (D:7)
  An adder (D:3)
  2 gnolls (D:7)
  A shadow imp (D:5)
  An adder skeleton (D:7)
  A worm (D:3)
  A giant gecko (D:3)
  A giant cockroach (D:5)
  8 kobolds
  A quokka (D:8)
  A ball python (D:5)
  3 giant newts
  A goblin (D:2)
  5 jackals
  2 rats
52 creatures vanquished.

Notes
Turn   | Place    | Note
--------------------------------------------------------------
     0 | D:1      | Implojin the Troll Fighter began the quest for the Orb.
     0 | D:1      | Reached XP level 1. HP: 22/22 MP: 0/0
    95 | D:3      | Reached skill level 3 in Unarmed Combat
    95 | D:3      | Reached XP level 2. HP: 27/29 MP: 1/1
   176 | D:3      | Found a glowing drain.
   183 | Sewer    | Entered a sewer
   245 | Sewer    | Noticed a crocodile
   258 | Sewer    | Killed a crocodile
   258 | Sewer    | Reached skill level 4 in Unarmed Combat
   258 | Sewer    | Reached XP level 3. HP: 22/36 MP: 2/2
   258 | Sewer    | Reached XP level 4. HP: 26/44 MP: 3/3
   385 | D:4      | Noticed Implojin's ghost (weakling TrFi)
   393 | D:4      | Killed Implojin's ghost
   393 | D:4      | Reached skill level 5 in Unarmed Combat
   403 | D:5      | Entered Level 5 of the Dungeon
   403 | D:5      | Noticed a big kobold
   427 | D:5      | Killed a big kobold
   427 | D:5      | Reached XP level 5. HP: 40/50 MP: 4/4
   525 | D:5      | Found a basalt altar of Yredelemnul.
   558 | D:5      | Reached skill level 6 in Unarmed Combat
   565 | D:5      | Noticed Dowan
   567 | D:5      | Noticed Duvessa
   579 | D:5      | Killed Duvessa
   579 | D:5      | Reached XP level 6. HP: 42/59 MP: 5/5
   593 | D:5      | Killed Dowan
   593 | D:5      | Reached skill level 7 in Unarmed Combat
   767 | D:7      | Reached XP level 7. HP: 58/66 MP: 6/6
   800 | D:8      | Found a blossoming altar of Fedhas.
   858 | D:7      | Reached skill level 8 in Unarmed Combat
   928 | D:7      | Found Yczir's Antique Weapon Shoppe.
  1013 | D:6      | Reached skill level 3 in Fighting
  1105 | D:6      | Reached skill level 4 in Fighting
  1237 | D:7      | Found a staircase to the Ecumenical Temple.
  1245 | Temple   | Entered the Ecumenical Temple
  1459 | D:8      | Reached XP level 8. HP: 79/79 MP: 7/7
  1496 | D:9      | Found a staircase to the Orcish Mines.
  1512 | D:9      | Slain by an orc warrior

Action                   |  1- 3 |  4- 6 |  7- 9 || total
-------------------------+-------+-------+-------++-------
Melee: Unarmed           |    58 |    80 |    67 ||   205
 Fire: Blowgun           |       |     5 |     1 ||     6
  Use: Potion            |     1 |       |       ||     1
       Scroll            |       |     3 |       ||     3
  Eat: Chunk             |     3 |     4 |     4 ||    11

Table legend:
 A = Turns spent in this place as a percentage of turns spent in the entire game.
 B = Non-inter-level travel turns spent in this place as a percentage of non-inter-level travel turns spent in the entire game.
 C = Inter-level travel turns spent in this place as a percentage of turns spent in this place.
 D = Turns resting spent in this place as a percentage of non-inter-level travel turns spent in this place.
 E = Turns spent auto-exploring this place as a percentage of non-inter-level travel turns spent in this place.
 F = Non-inter-level travel turns spent in this place divided by the number of levels of this place that you've seen.
                   A       B       C       D       E      F
               +-------+-------+-------+-------+-------+----------------------
         Total | 100.0 | 100.0 |   0.0 |   0.0 |   0.0 | 136.5
       Dungeon |  80.1 |  80.1 |   0.0 |   0.0 |   0.0 | 133.7
        Temple |  11.9 |  11.9 |   0.0 |   0.0 |   0.0 | 178.0
         Sewer |   8.0 |   8.0 |   0.0 |   0.0 |   0.0 | 120.0
               +-------+-------+-------+-------+-------+----------------------

Table legend:
 A = Kills in this place as a percentage of kills in entire the game.
 B = Kills by you in this place as a percentage of kills by you in the entire game.
 C = Kills by friends in this place as a percentage of kills by friends in the entire game.
 D = Other kills in this place as a percentage of other kills in the entire game.
 E = Experience gained in this place as a percentage of experience gained in the entire game.
 F = Experience gained in this place divided by the number of levels of this place that you have seen.
                   A       B       C       D       E      F
               +-------+-------+-------+-------+-------+----------------------
         Total | 100.0 | 100.0 |  -nan |  -nan | 100.0 | 139.8
       Dungeon |  88.5 |  88.5 |  -nan |  -nan |  91.9 | 157.1
         Sewer |  11.5 |  11.5 |  -nan |  -nan |   8.1 | 124.0
               +-------+-------+-------+-------+-------+----------------------
